Map: Dusk Towers

Players

BlubOo

  • Race: Zerg Zerg
  • League: Silver

Hindulaatti

  • Race: Zerg Zerg
  • League: Diamond

Rascal

  • Race: Protoss Protoss
  • League: Gold

BLFG

  • Race: Protoss Protoss

VOD

Have the link to the VOD?

Description

Time

  • Played on: Jan. 11, 2016, 9:18 a.m.
  • Length: 11:40
Show
View Real Time Build Order
Export as new Build Order

BlubOo Zerg 

Build Orders: Pool First 

Get SALT Encoding   

  12  0:08  Drone  
  12  0:13  Overlord  
  13  0:22  Drone  
  14  0:31  Drone  
  15  0:40  Drone  
  16  0:51  Drone  
  16  0:56  Spawning Pool  
  16  0:58  Extractor  
  16  1:02  Drone  
  16  1:12  Drone  
  18  1:32  Drone  
  18  1:33  Hatchery  
  17  1:43  Zergling x2  
  17  1:46  Zergling x2  
  19  1:55  Queen  
  21  2:04  Metabolic Boost  
  21  2:07  Overlord  
  21  2:09  Zergling x2  
  22  2:27  Drone  
  23  2:33  Queen  
  23  2:35  Drone  
  26  2:38  Drone  
  27  2:45  Drone  
  27  2:53  Drone, Queen  
  27  2:55  Overlord  
  30  3:05  Drone  
  30  3:06  Drone x3  
  34  3:25  Extractor  
  33  3:28  Roach Warren  
  33  3:29  Queen  
  33  3:36  Zergling x12  
  38  3:45  Overlord  
  37  4:08  Drone x2  
  37  4:09  Drone x4  
  43  4:12  Lair  
  43  4:20  Drone  
  43  4:21  Drone x3  
  47  4:27  Extractor  
  47  4:29  Overlord  
  46  4:37  Evolution Chamber  
  45  4:40  Evolution Chamber  
  45  4:44  Drone x3  
  47  4:56  Drone x5  
  48  5:02  Zerg Missile Weapons Level 1  
  46  5:07  Zerg Ground Armor Level 1  
  46  5:12  Extractor  
  45  5:26  Roach x4  
  45  5:27  Roach  
  53  5:39  Roach x2  
  47  6:06  Roach x2  
  48  6:19  Drone x3  
  51  6:26  Roach  
  51  6:43  Drone x3  
  51  6:44  Drone  
  55  6:48  Glial Reconstitution  
  55  7:01  Drone x4  
  59  7:07  Drone  
  60  7:11  Overlord  
  60  7:23  Overlord x2  
  60  7:37  Roach  
  60  7:38  Roach x3  
  68  7:48  Roach x3  
  68  7:50  Roach  
  76  8:12  Roach x4  
  81  8:13  Roach x2  
  81  8:20  Roach  
  81  8:24  Overlord  
  83  8:31  Zerg Missile Weapons Level 2  
  83  8:38  Spire  
  82  8:58  Zerg Ground Armor Level 2  
  82  8:59  Roach x2  
  82  9:00  Roach  
  88  9:05  Drone x2  
  88  9:08  Drone  
  91  9:12  Drone  
  91  9:15  Overlord  
  82  9:44  Hatchery  
  81  9:46  Roach x2  
  81  9:47  Roach x2  
  81  9:52  Mutalisk  
  91  10:04  Mutalisk  
  91  10:05  Mutalisk x2  
  97  10:10  Mutalisk  
  99  10:19  Overlord  
  99  10:22  Overlord  
  93  10:44  Roach, Mutalisk x2  
  93  10:45  Mutalisk x2  
  99  10:54  Overlord  
  99  10:55  Overlord  
  99  11:08  Mutalisk  
  99  11:09  Mutalisk x2  
  99  11:10  Mutalisk  
Show
View Real Time Build Order
Export as new Build Order

Hindulaatti Zerg 

Build Orders:  

Get SALT Encoding   

  12  0:01  Probe (Chrono Boost)  
  13  0:11  Probe (Chrono Boost)  
  14  0:18  Pylon  
  14  0:22  Probe (Chrono Boost)  
  15  0:36  Probe (Chrono Boost)  
  15  0:40  Gateway  
  16  0:46  Assimilator  
  16  0:47  Probe (Chrono Boost)  
  17  0:53  Assimilator  
  17  0:57  Probe (Chrono Boost)  
  18  1:10  Probe (Chrono Boost)  
  19  1:21  Probe (Chrono Boost)  
  19  1:23  Pylon  
  20  1:28  Cybernetics Core  
  20  1:32  Probe (Chrono Boost)  
  21  1:42  Probe (Chrono Boost)  
  22  1:55  Probe (Chrono Boost)  
  22  1:56  Warp Gate  
  23  2:03  Nexus  
  23  2:12  Adept  
  25  2:24  Mothership Core (Chrono Boost)  
  25  2:29  Pylon  
  27  2:39  Adept  
  30  2:45  Probe (Chrono Boost)  
  30  2:51  Gateway  
  30  2:53  Gateway  
  31  3:06  Probe (Chrono Boost)  
  31  3:08  Adept  
  33  3:18  Probe (Chrono Boost)  
  34  3:28  Pylon  
  34  3:30  Probe (Chrono Boost)  
  34  3:33  Pylon  
  35  3:36  Pylon  
  35  3:38  Pylon, Probe (Chrono Boost)  
  36  3:56  Robotics Facility  
  36  4:00  Probe (Chrono Boost)  
  36  4:01  Probe (Chrono Boost), Adept  
  38  4:03  Assimilator  
  38  4:08  Adept  
  38  4:15  Forge  
  38  4:19  Probe x2 (Chrono Boost)  
  38  4:24  Adept  
  42  4:29  Adept  
  44  4:35  Twilight Council  
  44  4:39  Adept  
  44  4:41  Probe (Chrono Boost)  
  44  4:44  Probe (Chrono Boost)  
  48  4:51  Warp Prism  
  50  5:02  Probe x2 (Chrono Boost)  
  52  5:13  Probe x2 (Chrono Boost), Resonating Glaives  
  54  5:20  Protoss Ground Weapons Level 1  
  54  5:25  Nexus  
  54  5:30  Probe (Chrono Boost)  
  54  5:31  Probe (Chrono Boost)  
  56  5:41  Probe (Chrono Boost)  
  58  5:43  Probe (Chrono Boost)  
  58  5:47  Assimilator  
  58  5:49  Pylon  
  56  5:51  Probe (Chrono Boost)  
  56  5:55  Pylon, Probe (Chrono Boost)  
  56  6:02  Probe (Chrono Boost)  
  55  6:17  Adept x3  
  59  6:21  Gateway  
  59  6:22  Gateway  
  57  6:26  Gateway  
  57  6:28  Gateway  
  57  6:30  Probe (Chrono Boost)  
  57  6:32  Probe (Chrono Boost)  
  59  6:38  Forge  
  57  6:40  Pylon  
  57  6:41  Probe (Chrono Boost)  
  57  6:44  Probe (Chrono Boost)  
  57  6:45  Probe (Chrono Boost)  
  56  6:51  Probe (Chrono Boost)  
  57  6:59  Templar Archives  
  57  7:00  Pylon  
  57  7:03  Sentry x2  
  57  7:04  Sentry  
  57  7:05  Pylon  
  57  7:06  Protoss Ground Armor Level 1  
  63  7:08  Immortal  
  63  7:13  Pylon  
  63  7:14  Protoss Ground Weapons Level 2 (Chrono Boost)  
  67  7:23  Charge  
  67  7:27  Adept  
  67  7:28  Probe (Chrono Boost)  
  67  7:29  Probe (Chrono Boost)  
  72  7:30  Probe (Chrono Boost)  
  72  7:31  Stalker  
  72  7:34  Stalker  
  76  7:39  Stalker  
  76  7:43  Psionic Storm  
  78  7:46  Probe (Chrono Boost)  
  78  7:47  Probe x2 (Chrono Boost)  
  79  7:52  Gateway  
  79  8:03  Adept x4  
  85  8:08  Assimilator  
  85  8:11  Sentry  
  87  8:17  Observer  
  70  8:41  Stalker x6  
  70  8:42  Stalker  
  70  8:45  Probe x3 (Chrono Boost)  
  88  8:56  Probe (Chrono Boost)  
  88  9:08  High Templar x4  
  96  9:11  Protoss Ground Armor Level 2 (Chrono Boost)  
  96  9:14  Zealot  
  96  9:15  Zealot x2  
  102  9:18  Assimilator  
  102  9:21  Pylon  
  102  9:22  Pylon  
  96  9:24  Pylon, Nexus  
  96  9:27  Pylon  
  96  9:29  Pylon  
  89  9:35  Zealot x3  
  95  9:40  Immortal  
  95  9:41  Sentry  
  95  9:43  Probe, Zealot  
  104  9:45  Zealot  
  104  9:46  Zealot  
  108  10:02  Nexus  
  108  10:06  Pylon  
  108  10:09  Pylon  
  108  10:11  Pylon  
  108  10:14  Assimilator  
  108  10:17  Observer  
  108  10:18  Zealot x3  
  108  10:19  High Templar x4  
  108  10:20  Assimilator, Zealot  
  125  10:27  Archon x2  
  125  10:34  Immortal  
  125  10:39  Photon Cannon  
  125  10:42  Photon Cannon  
  123  10:51  Archon  
  123  11:07  Zealot x5  
  123  11:08  Zealot x2  
  129  11:23  Probe  
  129  11:24  Probe x3  
Show
View Real Time Build Order
Export as new Build Order

Rascal Protoss 

Build Orders:  

Get SALT Encoding   

Show
View Real Time Build Order
Export as new Build Order

BLFG Protoss 

Build Orders:  

Get SALT Encoding   

Tags
 
Add a new tag
Caveats
  • Supply blocks, unpowered buildings, or Contaminate may cause inaccurate times.
  • Supply counts are checked every 10 seconds.